 Dungeon Crawl Stone Soup version 0.26-a0-1197-gd68fa41eda (webtiles) character file.

Game seed: 15932083169052949732

116 Lyre the Cutter (level 4, -4/34 HPs)
             Began as a Vampire Gladiator on Dec 28, 2020.
             Slain by a troll (9 damage)
             ... on level 4 of the Dungeon.
             The game lasted 00:15:39 (2607 turns).

Lyre the Cutter (Vampire Gladiator)                 Turns: 2607, Time: 00:15:41

Health: -4/34      AC:  8    Str: 14    XL:     4   Next: 70%
Magic:  4/4        EV: 11    Int: 10    God:
Gold:   150        SH:  0    Dex: 15    Spells: 3/3 levels left

rFire    + . .     SeeInvis +   a - +0 rapier
rCold    + . .     Faith    .   (no shield)
rNeg     . . .     Spirit   .   x - +0 scale mail
rPois    .         Reflect  .   p - +0 helmet
rElec    .         Harm     .   A - +0 cloak
rCorr    .         Rampage  .   (no gloves)
Will     .....                  (no boots)
Stlth    ..........             (no amulet)
HPRegen  0.31/turn              k - ring of protection from fire
MPRegen  0.09/turn              s - ring of protection from cold

@: regenerating quickly
A: fangs 3, see invisible, unbreathing
a: Exsanguinate


You were on level 4 of the Dungeon.
You visited 1 branch of the dungeon, and saw 4 of its levels.

You collected 150 gold pieces.

Inventory:

Hand Weapons
 a - a +0 rapier (weapon)
 g - a +0 short sword
 y - a +3 quarterstaff of chaos
Missiles
 d - a throwing net (quivered)
 l - 9 poisoned darts
 n - 16 arrows
Armour
 b - a +0 leather armour
 c - a +0 helmet
 j - a +0 leather armour
 p - a +0 helmet (worn)
 x - a +0 scale mail (worn)
 A - a +0 cloak (worn)
Jewellery
 k - a ring of protection from fire (left hand)
 s - a ring of protection from cold (right hand)
 t - a +4 ring of slaying {unknown}
 u - a cursed ring of teleportation {unknown}
Scrolls
 e - 3 scrolls of blinking {unknown}
 h - 2 scrolls of remove curse {unknown}
 m - a scroll of identify {unknown}
 o - a scroll of amnesia {unknown}
 q - a scroll of immolation {unknown}
 r - 4 scrolls of fear {unknown}
 v - a scroll of fog {unknown}
Potions
 f - 2 potions of lignification {unknown}
 i - a potion of might {unknown}
 w - a potion of cancellation {unknown}
 z - a potion of berserk rage {unknown}


   Skills:
 + Level 2.4 Fighting
 + Level 4.5 Short Blades
 + Level 1.8 Throwing
 + Level 1.0 Armour
 + Level 4.0 Dodging
 + Level 1.2 Stealth


You had 3 spell levels left.
You didn't know any spells.
Your spell library was empty.

Dungeon Overview and Level Annotations

Branches:
Dungeon (4/15)
 Temple: D:4-7

Altars:
Ashenzari
Vehumet
Wu Jian
Xom


Innate Abilities, Weirdness & Mutations

Your natural rate of healing is unusually fast.
You have razor-sharp teeth.
You have supernaturally acute eyesight. (SInv)
You can survive without breathing.


Message History

The troll is lightly wounded.
The troll bites you but does no damage. The troll claws you but does no damage.
The troll claws you.
You barely miss the troll. The troll bites you. The troll closely misses you.
The troll misses you.
You hit the troll. You bite the troll.
The troll is lightly wounded.
The troll bites you. The troll completely misses you. The troll misses you.
You barely miss the troll. Your bite misses the troll.
The troll is lightly wounded.
The troll barely misses you. The troll claws you but does no damage.
The troll claws you!
* * * LOW HITPOINT WARNING * * *
Throw: 2 throwing nets
Press: ? - help, Q - select action, (/) - cycle Shift-Dir - straight line, f - troll
Aim: a troll (lightly wounded)
You throw a throwing net.
The throwing net barely misses the troll.
The troll bites you!
You die...

#########......# #...
......(.#......# #...
........#......# #...
......#......# #...
....#......# #... .
#..#......#####...
...####..###............
.......T$..#.......>....
.......@..[#............
...........#............
...........#............
#..>.####..#............
#....####..###'##.....##
................#.....#
................#....>
................# ....
....##.......# ...


You could see a troll.

Vanquished Creatures
  Crazy Yiuf (D:3)
  Jessica (D:3)
  An adder (D:2)
  An ooze (D:2)
  A dart slug (D:2)
  2 leopard geckos
  An orc (D:3)
  3 bats
  A giant cockroach (D:1)
  10 goblins
  3 hobgoblins
  6 jackals (D:3)
  5 kobolds
  A quokka (D:2)
  A ball python (D:2)
  3 rats
41 creatures vanquished.

Notes
Turn   | Place    | Note
-------+----------+-------------------------------------------
     0 | D:1      | Lyre the Vampire Gladiator began the quest for the Orb.
     0 | D:1      | Reached XP level 1. HP: 16/16 MP: 1/1
   112 | D:1      | Reached XP level 2. HP: 22/22 MP: 2/2
   410 | D:1      | You fall into a shaft and drop 1 floor!
   919 | D:2      | Found a broken altar of Ashenzari.
   992 | D:2      | Reached XP level 3. HP: 23/27 MP: 3/3
  1764 | D:3      | Noticed Jessica
  1772 | D:3      | Killed Jessica
  1773 | D:3      | Reached XP level 4. HP: 33/33 MP: 4/4
  2094 | D:3      | Found a runed translucent door.
  2095 | D:3      | Noticed Crazy Yiuf
  2203 | D:3      | Killed Crazy Yiuf
  2204 | D:3      | Reached skill level 1 in Armour
  2204 | D:3      | Reached skill level 1 in Stealth
  2495 | D:3      | Found a shimmering altar of Xom.
  2495 | D:3      | Found an ornate altar of the Wu Jian Council.
  2576 | D:4      | Found a radiant altar of Vehumet.
  2594 | D:4      | Noticed a troll
  2607 | D:4      | Slain by a troll

Illustrated notes

Levels and vault maps discovered:
D:1:      kennysheep_arrival_forest, layout_loops_ring, minmay_pentomino_s4
D:2:      layout_basic, ashenzari_altar_1
D:3:      layout_rooms, gammafunk_temple_overflow_statue,
          chequers_ecumenical_altar_grove, uniq_crazy_yiuf_cottage, uniq_jessica
D:4:      layout_gridville, fiery_altar_vehumet, uniq_ijyb

Skill      XL: |  1  2  3  4 |
---------------+-------------+-----
Short Blades   | 4 |  4.5
Fighting       | 2 |  2.4
Armour         | 1 |  1.0
Dodging        | 4 |  4.0
Stealth        | 1 |  1.2
Throwing       | |  1.8

Action                   |  1- 3 |  4- 6 || total
-------------------------+-------+-------++-------
Melee: Rapier            |    62 |    48 ||   110
       Bite              |     8 |     7 ||    15
Throw: Throwing net      |       |     3 ||     3
  Use: Scroll            |     1 |       ||     1
 Stab: Sleeping          |     1 |       ||     1
Armor: Leather armour    |    15 |    14 ||    29
       Scale mail        |       |     6 ||     6
Dodge: Dodged            |    47 |    71 ||   118

Table legend: (Time is in decaauts)
 A = Elapsed time spent in this place.
 B = Non-inter-level travel time spent in this place.
 C = Inter-level travel time spent in this place.
 D = Time resting spent in this place.
 E = Time spent auto-exploring this place.
 F = Levels seen in this place.
 G = Mean time per level.
                   A        B        C        D        E       F      G
               +--------+--------+--------+--------+--------+-----+--------+
         Total |   2605 |   2605 |      0 |    347 |    464 |   4 |  651.2 |
       Dungeon |   2605 |   2605 |      0 |    347 |    464 |   4 |  651.2 |
               +--------+--------+--------+--------+--------+-----+--------+

Top non-repeatable levels by time:
     D:2: 944 daAuts
     D:1: 821 daAuts
     D:3: 788 daAuts
     D:4: 52 daAuts
